 Dungeon Crawl Stone Soup version 0.29.1-15-g9cfb28693d (webtiles) character file.

Game seed: 2809354908086728864

147 Silvore the Shield-Bearer (level 5, -3/47 HPs)
             Began as a Minotaur Fighter on May 1, 2023.
             Slain by a gnoll
             ... wielding a +0 flail
             ... led by a gnoll bouda
              (5 damage)
             ... on level 5 of the Dungeon.
             The game lasted 00:03:30 (2334 turns).

Silvore the Shield-Bearer (Minotaur Fighter)        Turns: 2334, Time: 00:03:31

Health: -3/47      AC:  8    Str: 23    XL:     5   Next: 8%
Magic:  4/4        EV:  9    Int:  3    God:
Gold:   112        SH:  4    Dex:  9    Spells: 4/4 levels left

rFire   + . .      SeeInvis .   a - +0 long sword
rCold   + . .      Faith    .   c - +0 buckler
rNeg    . . .      Spirit   .   b - +0 scale mail
rPois   .          Reflect  .   (helmet restricted)
rElec   .          Harm     .   m - scarf {rC+ rF+}
rCorr   .          Rampage  .   k - +0 pair of gloves
Will    .....                   (no boots)
Stlth   ..........              (no amulet)
HPRegen 0.15/turn               (no ring)
MPRegen 0.09/turn               (no ring)

@: invisible
A: horns 2, retaliatory headbutt, dopey 1, MP-powered wands
a: no special abilities


You were on level 5 of the Dungeon.
You visited 1 branch of the dungeon, and saw 4 of its levels.

You collected 112 gold pieces.

Inventory:

Hand Weapons
 a - a +0 long sword (weapon)
Armour
 b - a +0 scale mail (worn)
 c - a +0 buckler (worn)
 i - a scarf of harm
 k - a +0 pair of gloves (worn)
 m - a scarf of resistance (worn)
Scrolls
 j - a scroll of identify
Potions
 d - a potion of might
 e - a potion of resistance
 h - a potion of lignification {unknown}
 l - a potion of curing


   Skills:
 + Level 4.4 Fighting
 + Level 4.0 Long Blades
 + Level 4.5 Armour
 + Level 0.7 Dodging
 + Level 0.2 Stealth
 + Level 4.6 Shields


You had 4 spell levels left.
You didn't know any spells.
Your spell library contained the following spells:

 Spells                   Type           Power      Damage    Failure   Level
 Scorch                   Fire           0%         2d5       96%         2
 Flame Wave               Conj/Fire      0%         2d4       100%        4
 Summon Cactus Giant      Summ           0%         N/A       100%        6


Dungeon Overview and Level Annotations

Branches:
Dungeon (3/15)

Altars:
Qazlal

Shops:
D:1 =

Annotations:
D:5 1 transporter


Innate Abilities, Weirdness & Mutations

You have a pair of horns on your head.
You reflexively headbutt those who attack you in melee.
You are dopey. (Int -2)
You expend magic power (3 MP) to strengthen your wands.


Message History

* * * LOW HITPOINT WARNING * * *
The gnoll bouda hits you with a +0 club.
* * * LOW HITPOINT WARNING * * *
The gnoll barely misses you.
It was a potion of invisibility.
You fade into invisibility!
The gnoll bouda hits you with a +0 club.
* * * LOW HITPOINT WARNING * * *
The gnoll hits you with a +0 halberd.
* * * LOW HITPOINT WARNING * * *
Unknown command.
Your attacks no longer feel as feeble.
The gnoll bouda calls upon its god to heal the gnoll.
The gnoll's wounds heal themselves!
The gnoll is no longer moving quickly.
It was a potion of mutation.
You feel extremely strange.
You feel stupid.
You feel your magical essence link to the dungeon's wands.
A gnoll comes into view. It is wielding a +0 flail.
The gnoll shouts!
Sorry, you're not good enough to have a special ability.
Sorry, you're not good enough to have a special ability.
It was a potion of curing.
You feel better.
The gnoll bouda barks out a call to the hunt!
The gnoll picks up the pace!
The gnoll hits you from afar with a +0 halberd!
* * * LOW HITPOINT WARNING * * *
An iguana comes into view.
The iguana hisses angrily.
The iguana hisses angrily.
The iguana hisses angrily.
The iguana hisses angrily.
The gnoll is no longer moving quickly.
The iguana barely misses you. You furiously retaliate!
You headbutt the iguana, but do no damage.
You closely miss the iguana. The iguana barely misses you.
The gnoll hits you with a +0 halberd.
* * * LOW HITPOINT WARNING * * *
You closely miss the iguana. The gnoll hits you with a +0 flail.
You die...

...................# #..
.......#..........#
##..#
........##.......###...#
.......#####.........#
......## ###......#..
....### ###g..#....
..### #..## ... .....
##gg# ##### #.@##
.......l# ......... #
.........# ## P♣P♣.....#
8#. ♣.P♣♣♣P..# .#.. ♣
♣.... .P...


You could see a gnoll bouda (unable to see you), an iguana (unable to see you)
and 2 gnolls.

Vanquished Creatures
  Jessica (D:2)
  Robin (D:2)
  2 adders
  A gnoll (D:1)
  2 dart slugs
  5 orcs (D:3)
  5 ball pythons
  7 endoplasms
  2 giant cockroaches (D:1)
  6 hobgoblins
  4 jackals
  6 quokkas
  6 bats
  4 frilled lizards (D:1)
  11 goblins
  2 kobolds (D:1)
  2 rats (D:3)
67 creatures vanquished.

Notes
Turn   | Place    | Note
-------+----------+-------------------------------------------
     0 | D:1      | Silvore the Minotaur Fighter began the quest for the Orb.
     0 | D:1      | Reached XP level 1. HP: 19/19 MP: 0/0
    32 | D:1      | Reached XP level 2. HP: 5/26 MP: 1/1
   338 | D:1      | Found Juodij's Jewellery Boutique.
   665 | D:1      | Reached XP level 3. HP: 33/33 MP: 2/2
   996 | D:1      | Found a faded altar of an unknown god.
  1073 | D:2      | Noticed Robin
  1264 | D:2      | Killed Robin
  1265 | D:2      | Reached XP level 4. HP: 38/40 MP: 3/3
  1943 | D:2      | Noticed Jessica
  1949 | D:2      | Killed Jessica
  2171 | D:3      | Reached XP level 5. HP: 46/46 MP: 4/4
  2283 | D:3      | You fall into a shaft and drop 2 floors!
  2283 | D:5      | Entered Level 5 of the Dungeon
  2283 | D:5      | Found a transporter.
  2285 | D:5      | Noticed a water elemental
  2287 | D:5      | Found a stormy altar of Qazlal.
  2307 | D:5      | HP: 2/47 [gnoll/+0 halberd[a gnoll bouda] (4)]
  2315 | D:5      | Gained mutation: You are dopey. (Int -2) [potion of
                  | mutation]
  2315 | D:5      | Gained mutation: You expend magic power (3 MP) to
                  | strengthen your wands. [potion of mutation]
  2328 | D:5      | HP: 2/47 [gnoll/+0 halberd[a gnoll bouda] (14)]
  2333 | D:5      | HP: 2/47 [gnoll/+0 halberd[a gnoll bouda] (1)]
  2334 | D:5      | Slain by a gnoll

Illustrated notes

Levels and vault maps discovered:
D:1:      spicycebolla_arrival_transporter_tutorial, layout_basic,
          shapermc_ecumenical_altar_hornbeckon, serial_shops,
          nicolae_diamond_shop, amcnicky_mini_rare_corridor_liquid,
          hex_intersection, minivault_25, kennysheep_another_room,
          minmay_pentomino_x4
D:2:      layout_basic, kennysheep_jessica_study, uniq_robin
D:3:      layout_loops_ring, chequers_serial_rivers_room_b, minmay_rat_hole,
          uniq_terence
D:5:      layout_cave_pods, nicolae_qazlal_style_of_elements, serial_park,
          serial_park_square1 [serial_park_minivault_5x5_6], serial_park_tiny_2,
          serial_park_tiny_pond, serial_park_tiny_pond, serial_park_square2,
          gammafunk_ghost_arena, uniq_prince_ribbit1

Skill      XL: |  1  2  3  4 |
---------------+-------------+-----
Shields        | 4 |  4.6
Armour         | 4 |  4.5
Long Blades    | 3 4 |  4.0
Fighting       | 4 |  4.4
Dodging        | |  0.7
Stealth        | |  0.2

Action                   |  1- 3 |  4- 6 || total
-------------------------+-------+-------++-------
Melee: Long sword        |    86 |    62 ||   148
       Headbutt          |    14 |     8 ||    22
  Use: Scroll            |       |     3 ||     3
       Potion            |       |     3 ||     3
Armor: Scale mail        |    74 |    36 ||   110
Dodge: Dodged            |    84 |    34 ||   118
Block: Buckler           |    29 |    12 ||    41
